 Dungeon Crawl Stone Soup version 0.29-a0-857-g9b1aa3ac5b (webtiles) character file.

Game seed: 5893079118034104801

147 jimonade the Magician (level 5, -1/37 HPs)
             Began as a Gnoll Hedge Wizard on July 17, 2022.
             Slain by an adder (3 damage)
             ... on level 4 of the Dungeon.
             The game lasted 00:07:02 (3975 turns).

jimonade the Magician (Gnoll Hedge Wizard)          Turns: 3975, Time: 00:07:02

Health: -1/37      AC:  2    Str: 12    XL:     5   Next: 29%
Magic:  11/14      EV: 13    Int: 13    God:
Gold:   240        SH:  0    Dex: 11    Spells: 14/18 levels left

rFire   . . .      SeeInvis .   j - +2 hand axe (flame)
rCold   . . .      Faith    .   (no shield)
rNeg    . . .      Spirit   .   b - +0 robe
rPois   .          Reflect  .   c - +0 hat
rElec   .          Harm     .   (no cloak)
rCorr   .          Rampage  .   (no gloves)
Will    .....                   (no boots)
Stlth   ++........              (no amulet)
HPRegen 0.12/turn               (no ring)
MPRegen 0.14/turn               (no ring)

@: lethally poisoned (-1 -> -3)
A: fangs 1, strong nose, distributed training
a: no special abilities


You were on level 4 of the Dungeon.
You visited 1 branch of the dungeon, and saw 4 of its levels.

You collected 240 gold pieces.

Inventory:

Hand Weapons
 a - a +0 dagger
 j - a +2 hand axe of flaming (weapon)
Armour
 b - a +0 robe (worn)
 c - a +0 hat (worn)
 f - a +0 leather armour
 m - a +0 chain mail
Wands
 k - a wand of flame (18)
Scrolls
 g - 2 scrolls of teleportation
 o - a scroll of enchant weapon {unknown}
 p - a scroll of identify
 s - a scroll of blinking {unknown}
Potions
 d - 2 potions of magic
 e - 2 potions of ambrosia
 h - a potion of haste {unknown}
 i - a potion of curing {unknown}
 l - a potion of brilliance {unknown}
 n - a potion of mutation {unknown}
 q - a potion of invisibility {unknown}
 r - a potion of flight {unknown}


   Skills:
 + Level 1.5 Fighting
 + Level 1.5 Short Blades
 + Level 1.5 Long Blades
 + Level 1.5 Axes
 + Level 1.5 Maces & Flails
 + Level 1.5 Polearms
 + Level 1.5 Staves
 + Level 1.5 Ranged Weapons
 + Level 1.5 Throwing
 + Level 1.5 Armour
 + Level 4.8 Dodging
 + Level 4.4 Stealth
 + Level 1.5 Shields
 + Level 1.5 Unarmed Combat
 + Level 7.3 Spellcasting
 + Level 2.4 Conjurations
 + Level 1.2 Hexes
 + Level 2.4 Summonings
 + Level 1.2 Necromancy
 + Level 2.4 Translocations
 + Level 1.2 Transmutations
 + Level 1.2 Fire Magic
 + Level 1.2 Ice Magic
 + Level 1.2 Air Magic
 + Level 1.2 Earth Magic
 + Level 1.2 Poison Magic
 + Level 1.7 Invocations
 + Level 1.5 Evocations


You had 14 spell levels left.
You knew the following spells:

 Your Spells              Type           Power      Damage    Failure   Level
a - Magic Dart            Conj           44%        1d5       5%          1
b - Foxfire               Conj/Fire      36%        2x1d5     7%          1
c - Blink                 Tloc           22%        N/A       9%          2

Your spell library contained the following spells:

 Spells                   Type           Power      Damage    Failure   Level
 Slow                     Hex            28%        N/A       9%          1
 Call Imp                 Summ           11%        N/A       9%          2
 Conjure Flame            Conj/Fire      9%         6-21      22%         3
 Mephitic Cloud           Conj/Pois/Air  8%         N/A       22%         3
 Inner Flame              Hex/Fire       7%         N/A       26%         3
 Flame Wave               Conj/Fire      9%         2d5       56%         4


Dungeon Overview and Level Annotations

Branches:
Dungeon (4/15)
 Temple: D:4-7

Altars:
Yredelemnul

Annotations:
D:3 1 transporter, mathmaestro's ghost, amateur DsNe


Innate Abilities, Weirdness & Mutations

You have very sharp teeth.
Your uncanny sense of smell can sniff out nearby items.
Your experience applies equally to all skills.


Message History

The adder attacks as you move away! The adder closely misses you.
The orc attacks as you move away! The orc barely misses you.
The orc hits you with a +0 flail. The orc attacks as you move away!
The orc hits you with a +0 short sword. The orc attacks as you move away!
The orc hits you with a +0 flail. The adder closely misses you.
Casting: Blink (safe; 9% risk of failure)
Confirm with . or Enter, or press ? or * to list all spells.
You are still too unstable to blink.
You feel stable enough to blink again. The adder bites you.
You are poisoned.
The adder poisons you! The adder misses you.
Casting: Blink (safe; 9% risk of failure)
Confirm with . or Enter, or press ? or * to list all spells.
You blink.
Found 2 stones.
You feel sick. The adder attacks as you move away! The adder bites you.
* * * LOW HITPOINT WARNING * * *
You are lethally poisoned!
The adder poisons you!
* * * LOW HITPOINT WARNING * * *
You feel very sick.
Casting: Blink (safe; 9% risk of failure)
Confirm with . or Enter, or press ? or * to list all spells.
You are still too unstable to blink.
* * * LOW HITPOINT WARNING * * *
You feel sick. The adder bites you but does no damage.
You see here 2 stones.
* * * LOW HITPOINT WARNING * * *
You feel sick.
You feel stable enough to blink again.
* * * LOW HITPOINT WARNING * * *
You feel sick.
* * * LOW HITPOINT WARNING * * *
You feel sick. The adder misses you. The adder closely misses you.
* * * LOW HITPOINT WARNING * * *
You feel sick. The adder misses you. The adder closely misses you.
* * * LOW HITPOINT WARNING * * *
You feel sick. The adder bites you.
You die...

..........# #.#
..........########.#
##.............##.#
#....##.......##.#
###..(........##.#
#o..o.......##.#
#..o........##.####
..#
#SS.....######.....
..# #.@.....# ######
..#+## #########
.....# .....# .....#
.....# #############
.....# #............
#....#
#########.......#####
......
................'...#


You could see 2 adders and 3 orcs.

Vanquished Creatures
  A hound (D:4)
  An orc priest (D:3)
  2 adders
  2 worms (D:3)
  2 dart slugs
  3 orcs (D:3)
  7 ball pythons
  5 bats
  5 endoplasms
  A giant cockroach (D:2)
  6 goblins
  3 hobgoblins
  6 jackals
  5 quokkas
  3 frilled lizards
  A kobold (D:4)
  2 rats
55 creatures vanquished.

Vanquished Creatures (others)
  24 foxfires (D:4)
24 creatures vanquished.

Grand Total: 79 creatures vanquished

Notes
Turn   | Place    | Note
-------+----------+-------------------------------------------
     0 | D:1      | jimonade the Gnoll Hedge Wizard began the quest for the
                  | Orb.
     0 | D:1      | Reached XP level 1. HP: 13/13 MP: 8/8
   207 | D:1      | Reached XP level 2. HP: 19/19 MP: 6/10
   887 | D:2      | Found a basalt altar of Yredelemnul.
   956 | D:2      | Reached XP level 3. HP: 25/25 MP: 7/11
  1272 | D:2      | Reached skill level 1 in Invocations
  2035 | D:3      | Reached skill level 1 in Fighting
  2035 | D:3      | Reached skill level 1 in Short Blades
  2035 | D:3      | Reached skill level 1 in Long Blades
  2035 | D:3      | Reached skill level 1 in Axes
  2035 | D:3      | Reached skill level 1 in Maces & Flails
  2035 | D:3      | Reached skill level 1 in Polearms
  2035 | D:3      | Reached skill level 1 in Staves
  2035 | D:3      | Reached skill level 1 in Ranged Weapons
  2035 | D:3      | Reached skill level 1 in Throwing
  2035 | D:3      | Reached skill level 1 in Armour
  2035 | D:3      | Reached skill level 1 in Shields
  2035 | D:3      | Reached skill level 1 in Unarmed Combat
  2035 | D:3      | Reached skill level 1 in Evocations
  2086 | D:3      | Noticed a wight
  2203 | D:3      | Found a transporter.
  2289 | D:3      | Noticed mathmaestro's ghost (amateur DsNe)
  2308 | D:3      | Reached XP level 4. HP: 26/32 MP: 0/13
  2313 | D:3      | Reached skill level 1 in Hexes
  2313 | D:3      | Reached skill level 1 in Necromancy
  2313 | D:3      | Reached skill level 1 in Transmutations
  2313 | D:3      | Reached skill level 1 in Fire Magic
  2313 | D:3      | Reached skill level 1 in Ice Magic
  2313 | D:3      | Reached skill level 1 in Air Magic
  2313 | D:3      | Reached skill level 1 in Earth Magic
  2313 | D:3      | Reached skill level 1 in Poison Magic
  3470 | D:4      | Learned a level 1 spell: Foxfire
  3473 | D:4      | Learned a level 2 spell: Blink
  3557 | D:4      | Reached XP level 5. HP: 37/37 MP: 11/14
  3975 | D:4      | Slain by an adder

Illustrated notes

Levels and vault maps discovered:
D:1:      dpeg_arrival_renting, layout_rooms
D:2:      layout_loops_corners, basic_altar
D:3:      layout_basic, gammafunk_ghost_mausoleum
D:4:      layout_basic, nzn_overflow_gifts_of_might_and_magic,
          minmay_temple_entry_wispy

Skill      XL: |  1  2  3  4 |
---------------+-------------+-----
Conjurations   | 2 |  2.4
Summonings     | 2 |  2.4
Translocations | 2 |  2.4
Invocations    | 1 |  1.7
Fighting       | 1 |  1.5
Short Blades   | 1 |  1.5
Long Blades    | 1 |  1.5
Axes           | 1 |  1.5
Maces & Flails | 1 |  1.5
Polearms       | 1 |  1.5
Staves         | 1 |  1.5
Ranged Weapons | 1 |  1.5
Throwing       | 1 |  1.5
Armour         | 1 |  1.5
Shields        | 1 |  1.5
Unarmed Combat | 1 |  1.5
Evocations     | 1 |  1.5
Hexes          | 1 |  1.2
Necromancy     | 1 |  1.2
Transmutations | 1 |  1.2
Fire Magic     | 1 |  1.2
Ice Magic      | 1 |  1.2
Air Magic      | 1 |  1.2
Earth Magic    | 1 |  1.2
Poison Magic   | 1 |  1.2
Dodging        | |  4.8
Stealth        | |  4.4
Spellcasting   | |  7.3

Action                   |  1- 3 |  4- 6 || total
-------------------------+-------+-------++-------
Melee: Dagger            |     7 |       ||     7
       Hand axe          |     3 |     9 ||    12
       Bite              |     1 |     1 ||     2
 Cast: Magic Dart        |   115 |    26 ||   141
       Foxfire           |       |    14 ||    14
       Blink             |       |     2 ||     2
  Use: Scroll            |     3 |     4 ||     7
 Stab: Sleeping          |       |     1 ||     1
Armor: Robe              |     3 |     4 ||     7
Dodge: Dodged            |    19 |    22 ||    41

Table legend: (Time is in decaauts)
 A = Elapsed time spent in this place.
 B = Non-inter-level travel time spent in this place.
 C = Inter-level travel time spent in this place.
 D = Time resting spent in this place.
 E = Time spent auto-exploring this place.
 F = Levels seen in this place.
 G = Mean time per level.
                   A        B        C        D        E       F      G
               +--------+--------+--------+--------+--------+-----+--------+
         Total |   3976 |   3862 |    114 |    276 |   3167 |   4 |  994.0 |
       Dungeon |   3976 |   3862 |    114 |    276 |   3167 |   4 |  994.0 |
               +--------+--------+--------+--------+--------+-----+--------+

Top non-repeatable levels by time:
     D:3: 1524 daAuts
     D:2: 1075 daAuts
     D:1: 844 daAuts
     D:4: 533 daAuts
